 Dungeon Crawl Stone Soup version 0.28-a0-834-g1a73be5ee4 (webtiles) character file.

Game seed: 8294880453010175515

13 AttackTheMoon the Sneak (level 2, -1/15 HPs)
             Began as a Vine Stalker Brigand on Nov 12, 2021.
             Slain by a worm (3 damage)
             ... on level 2 of the Dungeon.
             The game lasted 00:00:13 (59 turns).

AttackTheMoon the Sneak (Vine Stalker Brigand)        Turns: 59, Time: 00:00:13

Health: -1/15      AC:  3    Str: 13    XL:     2   Next: 37%
Magic:  0/3        EV: 12    Int: 11    God:
Gold:   3          SH:  0    Dex: 15    Spells: 1/1 levels left

rFire   . . .      SeeInvis .   a - +2 dagger
rCold   . . .      Faith    .   (no shield)
rNeg    . . .      Spirit   +   b - +0 robe
rPois   .          Reflect  .   (no helmet)
rElec   .          Harm     .   c - +0 cloak
rCorr   .          Rampage  .   (no gloves)
Will    .....                   (no boots)
Stlth   +++.......              (no amulet)
HPRegen 0.05/turn               (no ring)
MPRegen 0.08/turn               (no ring)

@: no status effects
A: fangs 2, magic shield, antimagic bite, no potion heal 2
a: no special abilities


You were on level 2 of the Dungeon.
You visited 1 branch of the dungeon, and saw 2 of its levels.

You collected 3 gold pieces.

Inventory:

Hand Weapons
 a - a +2 dagger (weapon)
Missiles
 d - 8 poisoned darts (quivered)
 e - 2 curare-tipped darts
Armour
 b - a +0 robe (worn)
 c - a +0 cloak (worn)


   Skills:
 + Level 2.0 Fighting
 + Level 2.0 Short Blades
 - Level 1.7 Throwing
 + Level 1.1 Dodging
 + Level 5.0 Stealth


You had one spell level left.
You didn't know any spells.
Your spell library was empty.

Dungeon Overview and Level Annotations

Branches:
Dungeon (1/15)

Altars:


Innate Abilities, Weirdness & Mutations

You have extremely sharp teeth.
When hurt, damage is shared between your health and your magic reserves.
Your bite disrupts and absorbs the magic of your enemies.
Potions cannot restore your health.


Message History

Your Dodging skill increases to level 1!
Your Stealth skill increases to level 5!
You have reached level 2!
You hit the rat.
You kill the rat!
The worm bites you.
You hit the worm.
The worm is moderately wounded.
You hit the worm. You bite the worm. You drain its power.
You feel invigorated.
The worm is severely wounded.
The worm bites you!
* * * LOW HITPOINT WARNING * * *
You are too injured to fight recklessly!
You are too injured to fight recklessly!
You are too injured to fight recklessly!
You are too injured to fight recklessly!
You are too injured to fight recklessly!
You are too injured to fight recklessly!
You are too injured to fight recklessly!
You are too injured to fight recklessly!
You are too injured to fight recklessly!
You are too injured to fight recklessly!
You are too injured to fight recklessly!
You are too injured to fight recklessly!
You are too injured to fight recklessly!
You are too injured to fight recklessly!
You are too injured to fight recklessly!
You are too injured to fight recklessly!
You hit the worm.
The worm is severely wounded.
You hit the worm.
The worm is almost dead.
The worm bites you.
* * * LOW HITPOINT WARNING * * *
You hit the worm but do no damage.
The worm is almost dead.
You hit the worm but do no damage.
The worm is almost dead.
The worm bites you.
You die...

..#... ## #. ..^...#
..####..#
.......##.........
..................
.......#.......... #.
#.#..............#
#.##.......#.....#...
#......##w@........#
...#..##..)......###
......#............
##..#..........####
#...#....?.....#
##..............#
#................#
.#######................#
........................#


You could see a worm.

Vanquished Creatures
  An adder (D:2)
  A quokka (D:2)
  A kobold (D:2)
  3 rats (D:2)
6 creatures vanquished.

Notes
Turn   | Place    | Note
-------+----------+-------------------------------------------
     0 | D:1      | AttackTheMoon the Vine Stalker Brigand began the quest for
                  | the Orb.
     0 | D:1      | Reached XP level 1. HP: 11/11 MP: 2/2
    24 | D:1      | You fall into a shaft and drop 1 floor!
    52 | D:2      | Reached skill level 1 in Dodging
    52 | D:2      | Reached skill level 5 in Stealth
    52 | D:2      | Reached XP level 2. HP: 13/15 MP: 3/3
    59 | D:2      | Slain by a worm

Illustrated notes

Levels and vault maps discovered:
D:1:      scummos_arrival_simple_fountains, layout_basic,
          shapermc_ecumenical_altar_mp_urbaneastern, amethyst_killhole,
          minmay_pentomino_x2
D:2:      layout_rooms

Skill      XL: |  1 |
---------------+----+-----
Fighting       | 2 |  2.0
Short Blades   | 2 |  2.0
Dodging        | 1 |  1.1
Stealth        | 5 |  5.0
Throwing       | |  1.7

Action                   || total
-------------------------++-------
Melee: Dagger            ||    16
       Bite              ||     2
 Stab: Sleeping          ||     2
Armor: Robe              ||     1
Dodge: Dodged            ||     7

Table legend: (Time is in decaauts)
 A = Elapsed time spent in this place.
 B = Non-inter-level travel time spent in this place.
 C = Inter-level travel time spent in this place.
 D = Time resting spent in this place.
 E = Time spent auto-exploring this place.
 F = Levels seen in this place.
 G = Mean time per level.
                   A        B        C        D        E       F      G
               +--------+--------+--------+--------+--------+-----+--------+
         Total |     57 |     57 |      0 |      0 |     26 |   2 |   28.5 |
       Dungeon |     57 |     57 |      0 |      0 |     26 |   2 |   28.5 |
               +--------+--------+--------+--------+--------+-----+--------+

Top non-repeatable levels by time:
     D:2: 33 daAuts
     D:1: 24 daAuts
